 Dungeon Crawl Stone Soup version 0.21.1-1-g345015f (webtiles) character file.

2486 Lovchig the Cleaver (level 9, -3/81 HPs)
             Began as a Deep Dwarf Fighter on Feb 21, 2018.
             Was an Initiate of Makhleb.
             Slain by a sixfirhy (9 damage)
             ... summoned by a deep elf mage
             ... on level 6 of the Dungeon.
             The game lasted 00:15:30 (4146 turns).

Lovchig the Cleaver (Deep Dwarf Fighter)            Turns: 4146, Time: 00:15:32

Health: -3/81      AC: 16    Str: 29    XL:     9   Next: 27%
Magic:  0/6        EV:  8    Int: 11    God:    Makhleb [......]
Gold:   353        SH: 12    Dex: 12    Spells: 8/8 levels left

rFire    . . .     SeeInvis .   a - +1 war axe
rCold    . . .     Gourm    .   c - +1 shield
rNeg     . . .     Faith    .   r - +0 chain mail
rPois    .         Spirit   +   u - +1 helmet
rElec    .         Reflect  .   A - scarf {cloud immunity}
rCorr    .         Harm     .   n - +0 pair of gloves
MR       +....                  (no boots)
Stlth    ..........             o - amulet of guardian spirit
HPRegen  0.00/turn              t - +3 ring of intelligence
MPRegen  0.10/turn              s - +3 ring of protection

@: mighty, non-regenerating, drained
A: damage resistance, heal wounds, sense surroundings 2, no regeneration
a: Heal Wounds, Renounce Religion


You were on level 6 of the Dungeon.
You worshipped Makhleb.
Makhleb was noncommittal.
You were not hungry.

You visited 1 branch of the dungeon, and saw 6 of its levels.
You also visited: Ossuary.

You collected 353 gold pieces.

Inventory:

Hand Weapons
 a - a +1 war axe (weapon)
 k - a +5 mace of crushing
Armour
 c - a +1 shield (worn)
 n - a +0 pair of gloves (worn)
 r - a +0 chain mail (worn)
 u - a +1 helmet (worn)
 A - a scarf of cloud immunity (worn)
Jewellery
 j - an uncursed ring of flight
 o - an amulet of guardian spirit (around neck)
 s - a +3 ring of protection (right hand)
 t - a +3 ring of intelligence (left hand)
Wands
 g - a wand of random effects (21)
 p - a wand of iceblast (9)
 C - a wand of disintegration (14)
Scrolls
 i - 3 scrolls of identify
 m - 2 scrolls of remove curse
 q - a scroll of enchant weapon
 w - a scroll of teleportation
 y - 2 scrolls of magic mapping
 B - a scroll of fog
 E - a scroll of blinking {unknown}
Potions
 b - 3 potions of flight
 d - a potion of might
 e - 6 potions of lignification
 h - 2 potions of heal wounds
 l - 6 potions of curing
 v - 2 potions of haste
 x - 2 potions of invisibility
 z - a potion of ambrosia
Comestibles
 f - 14 rations
 D - a chunk of flesh


   Skills:
 * Level 5.3(4.3) Fighting
 * Level 9.5(8.4) Axes
 * Level 5.7(4.7) Armour
 * Level 4.2(3.3) Dodging
 * Level 6.5(5.5) Shields


You had 8 spell levels left.
You didn't know any spells.

Dungeon Overview and Level Annotations

Branches:
Dungeon (6/15)             Temple (0/1) D:6

Altars:
Ashenzari
Makhleb
Okawaru
The Shining One

Shops:
D:5 !


Innate Abilities, Weirdness & Mutations

You are resistant to damage.
You can heal yourself by infusing magical energy.
You passively map the area around you.
You do not regenerate.


Message History

The sixfirhy completely misses you. You block the sixfirhy's attack.
You block the deep elf mage's attack.
The sixfirhy hits you but does no damage.
The ice devil hits you but does no damage.
The soul eater barely misses you.
The deep elf mage hits you but does no damage.
You block the sixfirhy's attack.
You closely miss the deep elf mage.
The deep elf mage is lightly wounded.
You closely miss the ice devil. You hit the soul eater.
Your shield and chain mail prevent you from hitting the sixfirhy.
The sixfirhy hits you. The sixfirhy shocks you!
* * * LOW HITPOINT WARNING * * *
The sixfirhy hits you but does no damage.
You block the sixfirhy's attack. The ice devil hits you!
* * * LOW HITPOINT WARNING * * *
The ice devil freezes you!
* * * LOW HITPOINT WARNING * * *
The sixfirhy hits you. The sixfirhy shocks you!
You die...

##.............#.........
#####...###...##........
#......# #.#.#...#####.
#.##.######......# ##
#...............## #
#..###########..# #
#..#............# #
#..#............# #
#..#'4@######8..#
#..#.e33........#
#..#...'........#
#..#..P'........#
#..#+++######8..# #..#
,)........# #..#
,,.........#
##.###########..#
#...(..........#


You could see a soul eater, an ice devil, a deep elf mage and a sixfirhy.

Vanquished Creatures
  The ghost of shakethe the Covered, a novice DDCj of Makhleb (D:6)
  Grinder (D:3)
  Edmund (D:4)
  A sky beast (D:5)
  2 phantoms
  2 ice beasts
  2 ogres
  3 centaurs
  A bullfrog (D:6)
  A scorpion (D:4)
  2 crimson imps (D:6)
  2 centaur zombies
  2 orc priests (D:4)
  2 centaur skeletons
  A hound (D:4)
  Jessica (D:2)
  Terence (D:2)
  5 orc wizards
  5 worker ants
  4 mummies (Ossuary)
  4 worker ant zombies (D:5)
  A howler monkey skeleton (D:2)
  7 adders
  2 shadow imps (D:5)
  2 oozes (D:1)
  An adder zombie (D:5)
  A worm (D:2)
  2 dart slugs (D:1)
  3 leopard geckos
  5 orcs (D:5)
  3 ball pythons
  7 giant cockroaches
  8 goblins
  4 hobgoblins
  7 jackals (D:3)
  6 kobolds
  3 quokkas
  6 bats
  5 frilled lizards
  3 gnoll zombies (Ossuary)
  2 goblin zombies (Ossuary)
  A hobgoblin zombie (Ossuary)
  A kobold zombie (Ossuary)
  A quokka skeleton (D:6)
  8 rats
133 creatures vanquished.

Notes
Turn   | Place    | Note
-------+----------+-------------------------------------------
     0 | D:1      | Lovchig the Deep Dwarf Fighter began the quest for the Orb.
     0 | D:1      | Reached XP level 1. HP: 20/20 MP: 1/1
   131 | D:1      | Reached XP level 2. HP: 22/27 MP: 2/2
   337 | D:1      | Reached XP level 3. HP: 23/34 MP: 3/3
   364 | D:1      | Found a shattered altar of Ashenzari.
   548 | D:2      | Noticed a phantom
   580 | D:2      | Killed a phantom
   580 | D:2      | Reached skill level 3 in Axes
   580 | D:2      | Reached skill level 1 in Dodging
   580 | D:2      | Reached XP level 4. HP: 27/42 MP: 4/4
   580 | D:2      | Reached XP level 5. HP: 31/49 MP: 5/5
   614 | D:2      | Noticed Jessica
   617 | D:2      | Noticed Terence
   622 | D:2      | Reached skill level 4 in Axes
   624 | D:2      | Killed Jessica
   630 | D:2      | Killed Terence
  1502 | D:3      | Noticed Grinder
  1513 | D:3      | Paralysed by Grinder for 6 turns
  1524 | D:3      | Killed Grinder
  1524 | D:3      | Reached skill level 5 in Axes
  1524 | D:3      | Reached XP level 6. HP: 15/57 MP: 5/5
  2187 | D:4      | Reached XP level 7. HP: 39/63 MP: 6/6
  2250 | D:4      | Reached skill level 6 in Axes
  2261 | D:4      | Reached skill level 5 in Shields
  2462 | D:4      | Noticed Edmund
  2470 | D:4      | Killed Edmund
  2719 | D:5      | Entered Level 5 of the Dungeon
  2726 | D:5      | Found an iron altar of Okawaru.
  2809 | D:5      | Found a glowing golden altar of the Shining One.
  2821 | D:5      | Found a sand-covered staircase.
  2825 | Ossuary  | Entered an ossuary
  2891 | Ossuary  | Reached XP level 8. HP: 50/73 MP: 0/7
  2910 | Ossuary  | Reached skill level 7 in Axes
  3029 | D:5      | Reached skill level 5 in Armour
  3165 | D:5      | Reached skill level 8 in Axes
  3353 | D:5      | You fall through a shaft!
  3355 | D:6      | Noticed shakethe's ghost (novice DDCj)
  3395 | D:6      | Killed shakethe's ghost
  3395 | D:6      | Reached skill level 5 in Fighting
  3395 | D:6      | Reached skill level 9 in Axes
  3395 | D:6      | Gained mutation: You passively map the area around you. [Deep Dwarf growth]
  3395 | D:6      | Reached XP level 9. HP: 43/81 MP: 0/8
  3478 | D:5      | Found Xuhuovor's Distillery.
  4036 | D:6      | Found a burning altar of Makhleb.
  4044 | D:6      | Became a worshipper of Makhleb the Destroyer
  4077 | D:6      | Found a staircase to the Ecumenical Temple.
  4137 | D:6      | Noticed a deep elf mage
  4139 | D:6      | Noticed a soul eater
  4140 | D:6      | Noticed a sixfirhy
  4143 | D:6      | Noticed an ice devil
  4146 | D:6      | Slain by a sixfirhy

Skill      XL: |  1  2  3  4  5  6  7  8 |
---------------+-------------------------+-----
Fighting       | 3 4 5 |  5.3
Axes           | 3 5 6 9 |  9.5
Dodging        | 1 2 3 4 |  4.2
Shields        | 4 5 6 |  6.5
Armour         | 4 5 |  5.7

Action                   |  1- 3 |  4- 6 |  7- 9 || total
-------------------------+-------+-------+-------++-------
Melee: War axe           |    71 |   132 |   288 ||   491
 Abil: Heal Wounds       |     1 |     2 |     7 ||    10
  Use: Scroll            |     5 |     7 |     7 ||    19
       Potion            |       |       |     1 ||     1
  Eat: Chunk             |       |     4 |     7 ||    11
Armor: Scale mail        |    26 |    52 |    31 ||   109
       Chain mail        |       |       |   107 ||   107
Dodge: Dodged            |    23 |    40 |    79 ||   142
Block: Shield            |    39 |    77 |   163 ||   279
